 Dungeon Crawl Stone Soup version 0.26.1-2-gb8aa6d0cf2 (webtiles) character file.

Game seed: 1230631954446911030

102498 Gadfly the Grappler (level 15, -5/159 HPs)
             Began as a Troll Monk on Feb 22, 2021.
             Was the Champion of Okawaru.
             Slain by a six-headed hydra (7 damage)
             ... on level 13 of the Dungeon.
             The game lasted 00:50:01 (29764 turns).

Gadfly the Grappler (Troll Monk)                   Turns: 29764, Time: 00:50:02

Health: -5/159     AC: 10    Str: 28    XL:     15   Next: 86%
Magic:  23/23      EV: 14    Int:  8    God:    Okawaru [******]
Gold:   1608       SH:  0    Dex: 18    Spells: 14/14 levels left

rFire    + . .     SeeInvis .   C - +3 scimitar (flame)
rCold    + . .     Faith    +   (no shield)
rNeg     . . .     Spirit   .   (armour restricted)
rPois    .         Reflect  .   f - +2 hat {Will+}
rElec    .         Harm     .   w - scarf {rC+ rF+}
rCorr    .         Rampage  .   (gloves unavailable)
Will     ++...                  (boots unavailable)
Stlth    ++........             A - amulet of faith
HPRegen  0.76/turn              x - +6 ring of dexterity
MPRegen  0.18/turn              h - +4 ring of protection

@: no status effects
A: large, unfitting armour, claws 3, talons 1, repulsion field 1, clever 1,
regeneration 1, robust 1, shaggy fur 1, tough skin 3
a: Renounce Religion, Heroism, Finesse


You were on level 13 of the Dungeon.
You worshipped Okawaru.
Okawaru was exalted by your worship.
You visited 5 branches of the dungeon, and saw 23 of its levels.
You also visited: Ice Cave and Volcano.

You collected 2379 gold pieces.
You spent 771 gold pieces at shops.

Inventory:

Hand Weapons
 b - a +6 morningstar of freezing
 C - a +3 scimitar of flaming (weapon)
 I - the +7 lajatang of Order {silver, rMut}
   (You found it in an ice cave)

   It protects you from mutation.
Armour
 f - a +2 hat of willpower (worn)
 v - +0 fire dragon scales
 w - a scarf of resistance (worn)
 z - +0 ice dragon scales
 F - +2 swamp dragon scales
Jewellery
 h - a +4 ring of protection (right claw)
 s - an uncursed ring of see invisible
 x - a +6 ring of dexterity (left claw)
 A - an amulet of faith (around neck)
 J - an uncursed ring of protection from cold
 M - an uncursed ring of resist corrosion
Wands
 a - a wand of iceblast (31)
 c - a wand of polymorph (5)
 d - a wand of digging (5)
 m - a wand of flame (65) (quivered)
 u - a wand of paralysis (20)
 O - a wand of acid (19)
Scrolls
 k - 11 scrolls of remove curse
 l - 12 scrolls of teleportation
 o - 6 scrolls of identify
 p - 2 scrolls of blinking
 r - a scroll of fear
 y - 3 scrolls of fog
 G - 3 scrolls of enchant armour
 H - 2 scrolls of enchant weapon
 L - a scroll of magic mapping
Potions
 g - 6 potions of haste
 j - 2 potions of attraction
 n - 2 potions of resistance
 q - 2 potions of cancellation
 t - 5 potions of lignification
 B - 4 potions of might
 D - 3 potions of berserk rage
 E - 10 potions of curing
Miscellaneous
 e - a lightning rod (4/4)
 i - a box of beasts
 K - a phial of floods


   Skills:
 * Level 8.7 Fighting
 + Level 11.4 Armour
 - Level 4.0 Dodging
 - Level 1.0 Stealth
 * Level 13.6 Unarmed Combat
 + Level 12.3 Invocations
 * Level 10.6 Evocations


You had 14 spell levels left.
You didn't know any spells.
Your spell library contained the following spells:

 Spells                   Type           Power        Failure   Level
 Poisonous Vapours        Pois/Air       0%           54%         2
 Confusing Touch          Hex            0%           78%         3
 Conjure Flame            Conj/Fire      0%           78%         3
 Gell's Gravitas          Tloc           0%           78%         3
 Mephitic Cloud           Conj/Pois/Air  0%           78%         3
 Petrify                  Tmut/Erth      0%           99%         4
 Metabolic Englaciation   Hex/Ice        0%           100%        5
 Yara's Violent Unravell  Hex/Tmut       0%           100%        5
 Freezing Cloud           Conj/Ice/Air   0%           100%        6


Dungeon Overview and Level Annotations

Branches:
Dungeon (13/15)            Temple (1/1) D:4            Lair (6/6) D:9
 Shoals (0/4) Lair:3        Snake (0/4) Lair:2        Slime (1/5) Lair:5
    Orc (2/2) D:11            Elf (0/3) Orc:2         IceCv (visited)
Volcano (visited)
 Vaults: D:13-14

Altars:
Ashenzari
Cheibriados
Dithmenos
Elyvilon
Fedhas
Gozag
Hepliaklqana
Kikubaaqudgha
Makhleb
Nemelex Xobeh
Okawaru
Qazlal
Ru
Sif Muna
Trog
Uskayaw
Vehumet
Wu Jian
Xom
Yredelemnul
Zin
The Shining One
Beogh

Shops:
D:4 [   D:6 }   Orc:2 ?[[[


Innate Abilities, Weirdness & Mutations

You are too large for most types of armour.
You have claws for hands.
Your natural rate of healing is unusually fast.
You are covered in fur. (AC +1)
You have extremely tough skin. (AC +3)
You have sharp toenails.
You are surrounded by a mild repulsion field. (EV +2)
Your mind is acute. (Int +2)
You are robust. (+10% HP)


Message History

The six-headed hydra bites you!
* * * LOW HITPOINT WARNING * * *
You feel much better. The six-headed hydra bites you.
* * * LOW HITPOINT WARNING * * *
The six-headed hydra misses you. The six-headed hydra bites you.
* * * LOW HITPOINT WARNING * * *
The six-headed hydra bites you!
* * * LOW HITPOINT WARNING * * *
The six-headed hydra barely misses you.
The six-headed hydra closely misses you.
The howler monkey hoots and howls with incredible vigour!
You hear a shout!
You hear an angry buzzing noise. x2
As you read the scroll of fear, it crumbles to dust.
You assume a fearsome visage.
The six-headed hydra resists with almost no effort.
The howler monkey looks frightened! x2; The iguana looks frightened!
The six-headed hydra bites you.
* * * LOW HITPOINT WARNING * * *
The six-headed hydra misses you. The six-headed hydra bites you!
You die...

## ##.....# .. ...
#####......# ..#
...##........?.#####.#.
......................
..........B.?........
#..........lh.....#
#...†.....h.......# ##
#....)[####D#######
.#####.........#@#
.[...#>.................
####.................... ..
###.........##...####### .#
....###!..#####..#########.#
..............^............#
.[.######.### #............#
....# #...###............#
....#####..................#


You could see a six-headed hydra, 2 howler monkeys, an iguana (fleeing) and a
worker ant.

Vanquished Creatures
  Saint Roka (Orc:2)
  Gastronok (Lair:2)
  A frost giant (IceCv)
  An ettin (Orc:2)
  Josephine (Orc:1)
  Snorg (D:12)
  3 hydras
  8 two-headed ogres
  Erica (Lair:2)
  2 boulder beetles
  A dancing weapon (Volcano)
  A merfolk avatar (Lair:6)
  A death yak (shapeshifter) (D:8)
  4 death yaks
  Urug (D:10)
  5 orc high priests
  Nergalle (Lair:1)
  A sea snake (Lair:6)
  4 orc knights (Orc:2)
  5 wizards (Volcano)
  6 orc sorcerers (Orc:2)
  2 oklob plants
  A shining eye (D:9)
  2 ugly things
  5 cyclopes
  3 manticores
  A centaur zombie (D:13)
  5 toenail golems (Volcano)
  16 elephants
  9 black mambas
  14 cane toads
  Psyche (D:11)
  A kobold demonologist (D:11)
  5 rime drakes
  10 komodo dragons
  A tengu conjurer (D:12)
  3 meliai (D:13)
  3 wind drakes
  6 trolls
  19 polar bears
  4 hornets
  4 slime creatures (Lair:5)
  12 blink frogs
  7 dream sheep
  Sigmund (D:2)
  A water elemental (D:11)
  10 wyverns
  4 wraiths
  2 vampires
  66 yaks
  5 basilisks
  A steam dragon (Lair:5)
  24 water moccasins
  2 ice beasts
  42 orc warriors
  A black bear (Lair:3)
  3 sky beasts
  A hornet zombie (D:7)
  23 ogres
  A necrophage (D:4)
  5 phantoms
  58 wolves
  8 centaurs
  Blork the orc (D:4)
  4 big kobolds
  14 bullfrogs
  A wyvern skeleton (D:9)
  2 scorpions
  14 killer bees
  6 electric eels
  4 howler monkeys
  5 wights
  A quasit (D:6)
  28 orc priests
  3 jellies
  A bullfrog skeleton (D:12)
  5 centaur skeletons
  6 hounds
  29 orc wizards
  3 iguanas
  Terence (D:2)
  3 hell rats (Lair:3)
  12 worker ants
  A hound skeleton (D:7)
  2 worker ant zombies
  22 adders
  3 gnolls (D:3)
  A howler monkey skeleton (D:8)
  5 river rats (Lair:3)
  2 shadow imps
  3 white imps
  3 ufetubi
  2 oozes
  2 adder zombies
  6 adder skeletons
  7 worms
  3 dart slugs
  2 leopard geckos
  118 orcs
  2 ball pythons
  4 giant cockroaches
  7 goblins
  12 hobgoblins
  4 jackals (D:4)
  9 quokkas
  9 bats
  3 frilled lizards
  A jackal skeleton (D:7)
  22 kobolds
  A leopard gecko skeleton (D:7)
  A quokka skeleton (D:7)
  13 rats
  A bush (Lair:1)
  A plant (Lair:6)
857 creatures vanquished.

Vanquished Creatures (others)
  2 polar bears (IceCv)
  2 wolves
  An orc wizard (D:8)
  An orc (Orc:2)
  48 fungi
  74 plants
128 creatures vanquished.

Grand Total: 985 creatures vanquished

Notes
Turn   | Place    | Note
-------+----------+-------------------------------------------
     0 | D:1      | Gadfly the Troll Monk began the quest for the Orb.
     0 | D:1      | Reached XP level 1. HP: 22/22 MP: 0/0
   160 | D:1      | Reached XP level 2. HP: 27/29 MP: 1/1
   808 | D:2      | Reached XP level 3. HP: 36/36 MP: 2/2
   825 | D:2      | Noticed Terence
   829 | D:2      | Killed Terence
   830 | D:2      | Reached skill level 1 in Armour
   885 | D:2      | Reached skill level 1 in Invocations
   917 | D:2      | Reached XP level 4. HP: 39/44 MP: 3/3
   925 | D:2      | Reached skill level 1 in Evocations
  1170 | D:2      | Noticed Sigmund
  1176 | D:2      | Killed Sigmund
  1177 | D:2      | Reached XP level 5. HP: 46/52 MP: 3/5
  1177 | D:2      | Reached XP level 6. HP: 52/59 MP: 3/6
  1355 | D:2      | Noticed a sky beast
  1376 | D:2      | Killed a sky beast
  1377 | D:2      | Reached skill level 4 in Unarmed Combat
  1480 | D:2      | Found a sparkling altar of Nemelex Xobeh.
  1482 | D:2      | Found a bloodstained altar of Trog.
  2193 | D:3      | Found a glowing golden altar of the Shining One.
  2214 | D:3      | Found a sacrificial altar of Ru.
  2323 | D:3      | Found a blossoming altar of Fedhas.
  2656 | D:4      | Reached XP level 7. HP: 33/67 MP: 7/7
  2788 | D:4      | Noticed Blork the orc
  2799 | D:4      | Killed Blork the orc
  2924 | D:4      | Found Kuwke's Armour Emporium.
  3120 | D:4      | Found a staircase to the Ecumenical Temple.
  3184 | D:5      | Entered Level 5 of the Dungeon
  3309 | D:5      | Reached skill level 5 in Unarmed Combat
  3309 | D:5      | Reached XP level 8. HP: 25/75 MP: 9/9
  4023 | D:6      | Found a radiant altar of Vehumet.
  4367 | D:6      | Found Wiceg's Gadget Emporium.
  4756 | D:6      | Reached skill level 6 in Unarmed Combat
  4759 | D:6      | Reached XP level 9. HP: 76/84 MP: 11/11
  5757 | D:7      | Reached skill level 5 in Invocations
  6177 | Temple   | Entered the Ecumenical Temple
  6671 | D:8      | Noticed a four-headed hydra
  6676 | D:8      | Killed a four-headed hydra
  6677 | D:8      | Reached skill level 5 in Armour
  6677 | D:8      | Reached skill level 7 in Unarmed Combat
  6705 | D:8      | Reached XP level 10. HP: 94/94 MP: 13/13
  6706 | D:8      | Noticed a two-headed ogre
  6713 | D:8      | Killed a two-headed ogre
  6714 | D:8      | Reached skill level 5 in Evocations
  7586 | D:9      | Noticed a death yak
  7588 | D:9      | Found a staircase to the Lair.
  7588 | D:9      | Noticed a death yak
  7607 | D:8      | Killed a death yak
  7608 | D:8      | Reached skill level 5 in Fighting
  7608 | D:8      | Reached skill level 8 in Unarmed Combat
  7920 | D:9      | Got a shimmering spear
  7922 | D:9      | Identified the +3 spear "Okhosueh" {vorpal, +Blink rPois
                  | Dex+3} (You found it on level 9 of the Dungeon)
  7923 | D:9      | Noticed a death yak
  8069 | D:8      | Killed a death yak
  8193 | D:9      | Noticed a cyclops
  8193 | D:9      | Noticed a boulder beetle
  8228 | D:8      | Killed a boulder beetle
  8350 | D:9      | Noticed a two-headed ogre
  8370 | D:9      | Noticed a salamander
  8544 | D:8      | Killed a death yak
  8545 | D:8      | Reached XP level 11. HP: 13/104 MP: 15/15
  8791 | D:9      | Found a basalt altar of Yredelemnul.
  8842 | D:9      | Noticed a death yak
  8885 | D:8      | Killed a death yak
  9058 | D:9      | Found a hazy altar of Hepliaklqana.
  9059 | D:9      | Found a shadowy altar of Dithmenos.
  9329 | D:9      | Found an iron altar of Okawaru.
  9332 | D:9      | Became a worshipper of Warmaster Okawaru
  9332 | D:9      | Reached * piety under Okawaru
  9332 | D:9      | Reached ** piety under Okawaru
  9362 | D:10     | Entered Level 10 of the Dungeon
 10169 | D:10     | Reached skill level 9 in Unarmed Combat
 10630 | D:11     | Noticed a two-headed ogre
 10648 | D:11     | Killed a two-headed ogre
 10653 | D:11     | Reached *** piety under Okawaru
 10726 | D:11     | Noticed a red ugly thing
 10765 | D:10     | Killed a red ugly thing
 10983 | D:11     | Noticed a red ugly thing
 10995 | D:11     | Killed a red ugly thing
 11065 | D:11     | Noticed a two-headed ogre
 11072 | D:11     | Killed a two-headed ogre
 11072 | D:11     | Reached **** piety under Okawaru
 11149 | D:11     | Noticed Psyche
 11162 | D:11     | Paralysed by a hornet for 2 turns
 11619 | D:11     | Paralysed by Psyche for 4 turns
 11633 | D:11     | Killed Psyche
 11634 | D:11     | Reached XP level 12. HP: 113/113 MP: 17/17
 11847 | D:11     | Noticed Urug
 11855 | D:11     | Found a staircase to the Orcish Mines.
 12075 | D:10     | Killed Urug
 12612 | D:4      | Bought +0 ice dragon scales for 600 gold pieces
 12766 | Lair:1   | Entered Level 1 of the Lair of Beasts
 12797 | D:9      | Reached ***** piety under Okawaru
 12945 | D:9      | Reached skill level 10 in Unarmed Combat
 12964 | D:9      | Killed a two-headed ogre
 13201 | D:9      | Received a gift from Okawaru
 13264 | Lair:1   | Noticed an eight-headed hydra
 13287 | D:9      | an eight-headed hydra changed into a shining eye
 13290 | D:9      | Gained mutation: Scrolls take you a little longer to read.
                  | [a shining eye]
 13301 | D:9      | Lost mutation: Scrolls take you a little longer to read.
                  | [potion of mutation]
 13301 | D:9      | Gained mutation: You have sharp toenails. [potion of
                  | mutation]
 13301 | D:9      | Gained mutation: You are robust. (+10% HP) [potion of
                  | mutation]
 13301 | D:9      | Gained mutation: Your mind is acute. (Int +2) [potion of
                  | mutation]
 13301 | D:9      | Gained mutation: You are surrounded by a mild repulsion
                  | field. (EV +2) [potion of mutation]
 14209 | Lair:1   | Noticed Nergalle
 14219 | Lair:1   | Killed Nergalle
 14224 | Lair:2   | Noticed Gastronok
 14238 | Lair:2   | Killed Gastronok
 14420 | Lair:2   | Found a staircase to the Snake Pit.
 14510 | Lair:2   | Found a dark tunnel.
 14515 | Volcano  | Entered a volcano
 14609 | Volcano  | Received a gift from Okawaru
 14670 | Volcano  | Reached ****** piety under Okawaru
 14671 | Volcano  | Reached XP level 13. HP: 99/135 MP: 19/19
 14698 | Volcano  | Received a gift from Okawaru
 14809 | Volcano  | Reached skill level 11 in Unarmed Combat
 15155 | Lair:2   | Received a gift from Okawaru
 15293 | Lair:2   | Noticed Erica
 15299 | Lair:2   | Killed Erica
 15417 | Lair:2   | Found a glowing golden altar of the Shining One.
 16134 | Lair:3   | Reached skill level 10 in Invocations
 16226 | Lair:3   | Found a frozen archway.
 16238 | IceCv    | Entered an ice cave
 16342 | IceCv    | Found the +7 lajatang of Order {silver, rMut}
 17047 | IceCv    | Noticed a frost giant
 17070 | IceCv    | Killed a frost giant
 17085 | IceCv    | Received a gift from Okawaru
 17909 | Lair:3   | Reached XP level 14. HP: 146/146 MP: 20/20
 17976 | Lair:3   | Found a staircase to the Shoals.
 18279 | Lair:2   | Received a gift from Okawaru
 18452 | Lair:2   | Reached skill level 12 in Unarmed Combat
 19166 | Lair:4   | Reached skill level 10 in Armour
 19593 | Lair:4   | Received a gift from Okawaru
 20640 | Lair:5   | Found a staircase to the Slime Pits.
 21394 | Lair:6   | Entered Level 6 of the Lair of Beasts
 21401 | Lair:6   | Paralysed by a hornet for 3 turns
 21494 | Lair:5   | Received a gift from Okawaru
 21524 | Lair:5   | Got a scorched triple crossbow {god gift}
 21525 | Lair:5   | Identified the +6 triple crossbow of Victory {flame, Int+2}
                  | (Okawaru gifted it to you on level 5 of the Lair of Beasts)
 22146 | Lair:6   | Received a gift from Okawaru
 23009 | Lair:5   | Reached XP level 15. HP: 103/157 MP: 22/22
 23717 | Slime:1  | Entered Level 1 of the Pits of Slime
 24246 | Orc:1    | Entered Level 1 of the Orcish Mines
 24420 | Orc:1    | Reached skill level 10 in Evocations
 24460 | Orc:1    | Found a roughly hewn altar of Beogh.
 24882 | Orc:2    | Entered Level 2 of the Orcish Mines
 24882 | Orc:2    | Noticed Josephine
 24890 | Orc:1    | Reached skill level 13 in Unarmed Combat
 24926 | Orc:1    | Killed Josephine
 24926 | Orc:1    | Received a gift from Okawaru
 25583 | Orc:2    | Found a staircase to the Elven Halls.
 25933 | Orc:2    | Found a roughly hewn altar of Beogh.
 26011 | Orc:2    | HP: 2/155 [orc knight/+0 glaive (25)]
 26037 | Orc:2    | HP: 7/155 [orc priest/divine providence (13)]
 26372 | Orc:2    | Noticed Saint Roka
 26409 | Orc:2    | Killed Saint Roka
 26409 | Orc:2    | Received a gift from Okawaru
 26587 | Orc:2    | Got a fine robe {god gift}
 26598 | Orc:2    | Identified the +1 robe "Seost" {rElec} (Okawaru gifted it
                  | to you on level 2 of the Orcish Mines)
 26636 | Orc:2    | Found Xuez's Antique Armour Boutique.
 26678 | Orc:2    | Found a roughly hewn altar of Beogh.
 26732 | Orc:2    | Found Keimiu's Magic Scroll Shop.
 27255 | Orc:2    | Found Byuxoz's Armour Shop.
 27329 | Orc:2    | Found Muqo's Antique Armour Boutique.
 27404 | Orc:2    | Bought a dull robe for 171 gold pieces
 27414 | Orc:2    | Identified the +2 robe of Contentment {+Blink rCorr Int+8
                  | Dex-2} (You bought it in a shop on level 2 of the Orcish
                  | Mines)
 29231 | D:12     | Noticed Snorg
 29236 | D:12     | Killed Snorg
 29762 | D:13     | HP: 3/159 [six-headed hydra (7)]
 29764 | D:13     | Slain by a six-headed hydra

Illustrated notes

Levels and vault maps discovered:
D:1:      heliophobic_arrival_ceremonial_halls, layout_basic,
          minmay_misc_feat_five, minmay_misc_feat_tower
D:2:      minmay_general_purpose_star, layout_loops_ring,
          gammafunk_temple_overflow_pools, uniq_sigmund, uniq_terence
D:3:      layout_loops_ring, fedhas_altar_fruit_tree, lemuel_doored_altar,
          nicolae_overflow_hidden_temple
D:4:      layout_rooms, minmay_temple_entry_glassed_door, serial_shops, shop,
          uniq_blork_the_orc
D:5:      layout_loops_ring
D:6:      layout_gridville, vehumet_crystals, serial_shops, shop
D:7:      cheibrodos_helix_gallery, layout_basic, enter_bailey_4,
          grunt_ministairs_1
D:8:      kennysheep_six_static_rooms, layout_loops_ring, abandoned_shop,
          minmay_misc_feat_four_crosses
D:9:      layout_cave_pools, riverfiend_overflow_shadow_ancestor,
          overflow_temple_1_default, marbit_many_paths, dpeg_lair_monsters,
          minivault_28
D:10:     layout_grid_maze
D:11:     layout_basic, erik_orc_3, uniq_urug, uniq_psyche
D:12:     layout_basic, uniq_snorg
D:13:     layout_rooms, erik_vaults_2
Temple:   minmay_temple_bridge_abc
Lair:1:   layout_small_grid, minmay_lair_oklob_bushes, uniq_nergalle
Lair:2:   layout_concentric_octagons, minmay_snake_entry_six_corridors,
          nicolae_volcano_entry_s_turn, lemuel_oklob_altar,
          infiniplex_staircase_pool, uniq_erica, uniq_gastronok
Lair:3:   layout_hall_layers, minmay_shoals_entry_beasts,
          portal_ice_cave_entry_pillars_1, kennysheep_abandoned_house
Lair:4:   layout_small_grid, grunt_forest_large_clearings
Lair:5:   layout_cave_shapes, minmay_slime_entry_pillars, st_stairs_10,
          lemuel_fruit_tree
Lair:6:   gammafunk_lair_ancient_temple, layout_regular_city,
          serial_bayou_pond_d, ldierk_geyser
Slime:1:  layout_caves
Orc:1:    layout_caves, nicolae_orc_lost_temple
Orc:2:    pubby_orc_utopia, uniq_josephine

Skill      XL: |  1  2  3  4  5  6  7  8  9 10 11 12 13 14 15 |
---------------+----------------------------------------------+-----
Armour         | 1 2 3 4 5 6 7 8 9 10 11 | 11.4
Invocations    | 1 2 3 4 5 7 8 9 10 11 12 | 12.3
Evocations     | 1 2 3 4 6 8 9 10 | 10.6
Dodging        | 3 4 |  4.0
Unarmed Combat | 4 5 6 7 8 9 10 11 12 13 | 13.6
Fighting       | 3 4 5 6 7 8 |  8.7
Stealth        | |  1.0

Action                   |  1- 3 |  4- 6 |  7- 9 | 10-12 | 13-15 || total
-------------------------+-------+-------+-------+-------+-------++-------
Melee: Unarmed           |    65 |   144 |   410 |   718 |  1647 ||  2984
       Punch             |     1 |     4 |    13 |    52 |   158 ||   228
       Spear             |       |       |       |    12 |       ||    12
       Kick              |       |       |       |    60 |   774 ||   834
       Scimitar          |       |       |       |       |     7 ||     7
Invok: Heroism           |       |       |       |     1 |       ||     1
Evoke: Wand              |       |       |     6 |     9 |     3 ||    18
  Use: Scroll            |     4 |     3 |     9 |    11 |    11 ||    38
       Potion            |       |     1 |     3 |     4 |     7 ||    15
 Stab: Sleeping          |     2 |     2 |     3 |       |     4 ||    11
       Paralysed         |       |       |       |     6 |       ||     6
       Invisible         |       |       |       |     1 |       ||     1
Armor: Robe              |    19 |    43 |   187 |    16 |       ||   265
       Fire dragon scale |       |       |       |   281 |   507 ||   788
       Ice dragon scales |       |       |       |   101 |   607 ||   708
       Swamp dragon scal |       |       |       |       |     6 ||     6
       Skin              |       |       |       |       |    35 ||    35
Dodge: Dodged            |    35 |    61 |   297 |   359 |  1266 ||  2018
       Rpst.: Scimitar   |       |       |       |       |     1 ||     1
